[Event "23rd European Women Club Cup 2018"]
[Site "Halkidiki"]
[Date "2018.10.12"]
[Round "1"]
[White "Paehtz, Elisabeth"]
[Black "Ovod, Evgenija"]
[Result "1/2-1/2"]
[ECO "A13"]
[WhiteElo "2513"]
[BlackElo "2363"]
[Annotator "ChessBase"]
[PlyCount "75"]
[EventDate "2018.10.12"]
[EventType "team-tourn"]
[EventCountry "GRE"]
[SourceTitle "playchess.com"]
[Source "ChessBase"]
[SourceQuality "1"]
[WhiteTeam "Pentole Agnelli"]
[BlackTeam "SSHOR"]
[TimeControl "40/5400+30:1800+30"]

1. c4 e6 2. Nf3 d5 3. d4 Nf6 4. g3 Bb4+ 5. Nc3 O-O 6. Bg2 c5 7. dxc5 Nc6 8. O-O dxc4 9. Qc2 Bxc5 10. Na4 Bd6 11. Qxc4 e5 12. Nc3 Be6 13. Qh4 h6 14. Rd1 Qe7 15. Bxh6 gxh6 16. Rxd6 Qxd6 17. Qxf6 Rfd8 18. Qxh6 Bf5 19. Qg5+ Qg6 20. Qe3 Qg7 21. Rc1 Rd7 22. h3 Rad8 23. g4 Be6 24. Ng5 Nd4 25. Nge4 f5 26. Nc5 f4 27. Qe4 Rc7 28. Nd3 Bc4 29. Rd1 Bxd3 30. Rxd3 Rcd7 31. Kh1 Qf6 32. e3 fxe3 33. fxe3 Nc6 34. Nd5 Qg5 35. Qc4 Kh8 36. Rd1 Ne7 37. e4 Ng6 38. Rf1 1/2-1/2

[Event "23rd European Women Club Cup 2018"]
[Site "Halkidiki"]
[Date "2018.10.12"]
[Round "1"]
[White "Zhukova, Natalia"]
[Black "Haussernot, Cecile"]
[Result "1/2-1/2"]
[ECO "D46"]
[WhiteElo "2403"]
[BlackElo "2204"]
[Annotator "NA"]
[PlyCount "70"]
[EventDate "2018.10.12"]
[EventType "team-tourn"]
[EventCountry "GRE"]
[SourceTitle "playchess.com"]
[Source "ChessBase"]
[SourceQuality "1"]
[WhiteTeam "Kyiv"]
[BlackTeam "Mulhouse"]
[TimeControl "40/5400+30:1800+30"]

1. d4 d5 2. c4 c6 3. Nf3 Nf6 4. Nc3 e6 5. e3 Nbd7 6. Bd3 Bd6 7. e4 dxc4 8. Bxc4 b5 9. e5 bxc4 10. exd6 Nb6 11. Bf4 Nh5 12. Be5 f6 13. g4 fxe5 14. gxh5 O-O 15. Nxe5 Qxd6 16. Qg4 Rb8 17. Rg1 Rb7 18. h6 g6 19. a3 c5 20. O-O-O Nd5 21. Ne4 Qb6 22. Nxc4 Qb3 23. Qe2 Qa2 24. dxc5 Nf4 25. Qc2 e5 26. Ncd6 Ne2+ 27. Qxe2 Qa1+ 28. Kd2 Rxb2+ 29. Ke1 Rxe2+ 30. Kxe2 Ba6+ 31. Ke1 Qb2 32. Rd2 Qc1+ 33. Rd1 Qb2 34. Rd2 Qc1+ 35. Rd1 Qb2 1/2-1/2

[Event "23rd European Women Club Cup 2018"]
[Site "Halkidiki"]
[Date "2018.10.12"]
[Round "1"]
[White "Mammadova, Gulnar"]
[Black "Mar, Karmen"]
[Result "1-0"]
[ECO "B52"]
[WhiteElo "2355"]
[BlackElo "2107"]
[Annotator "NA"]
[PlyCount "75"]
[EventDate "2018.10.12"]
[EventType "team-tourn"]
[EventCountry "GRE"]
[SourceTitle "playchess.com"]
[Source "ChessBase"]
[SourceQuality "1"]
[WhiteTeam "Odlar Yurdu"]
[BlackTeam "Maribor"]
[TimeControl "40/5400+30:1800+30"]

1. e4 c5 2. Nf3 d6 3. Bb5+ Bd7 4. c4 a6 5. Bxd7+ Nxd7 6. Nc3 Ngf6 7. O-O e6 8. b3 Be7 9. d4 cxd4 10. Nxd4 O-O 11. Bb2 Rc8 12. Qe2 Qc7 13. Rac1 Rfe8 14. Rfd1 Qb8 15. h3 Bd8 16. f4 b6 17. Rd2 Bc7 18. Rcd1 Qa8 19. Nc2 Nc5 20. Re1 d5 21. e5 Nfe4 22. Nxe4 Nxe4 23. Rdd1 b5 24. cxd5 exd5 25. Bd4 Ba5 26. b4 Qc6 27. bxa5 Qxc2 28. Qg4 Rc4 29. Qd7 Rf8 30. Qxd5 Nc3 31. Bxc3 Qxc3 32. f5 Qxa5 33. e6 Rcc8 34. e7 Rfe8 35. Kh1 Qb6 36. Qd7 Qc5 37. Kh2 f6 38. Rc1 1-0

[Event "23rd European Women Club Cup 2018"]
[Site "Halkidiki"]
[Date "2018.10.12"]
[Round "1"]
[White "Babiy, Olga"]
[Black "Neuhauser, Salome"]
[Result "1-0"]
[ECO "B38"]
[WhiteElo "2310"]
[BlackElo "2115"]
[Annotator "NA"]
[PlyCount "77"]
[EventDate "2018.10.12"]
[EventType "team-tourn"]
[EventCountry "GRE"]
[SourceTitle "playchess.com"]
[Source "ChessBase"]
[SourceQuality "1"]
[WhiteTeam "Kyiv"]
[BlackTeam "Mulhouse"]
[TimeControl "40/5400+30:1800+30"]

1. e4 c5 2. Nf3 Nc6 3. d4 cxd4 4. Nxd4 g6 5. c4 Bg7 6. Be3 d6 7. Nc3 Nf6 8. Be2 O-O 9. O-O Bd7 10. h3 Nxd4 11. Bxd4 Bc6 12. Qc2 Qc7 13. Bd3 Rfb8 14. Qd2 a6 15. a4 Qa5 16. Qe3 Nd7 17. Nd5 Bxd4 18. Qxd4 Qd8 19. f4 Nc5 20. Bc2 b5 21. Nb4 Bd7 22. axb5 axb5 23. Rxa8 Rxa8 24. f5 f6 25. fxg6 hxg6 26. e5 Ne6 27. Qh4 Kg7 28. exf6+ exf6 29. Nd5 f5 30. Qg3 Nf8 31. Qxd6 Be6 32. Qe5+ Kf7 33. b3 bxc4 34. bxc4 Ra2 35. Rf2 Qg5 36. Bxf5 Qc1+ 37. Rf1 Qxf1+ 38. Kxf1 Bxf5 39. Qe7+ 1-0

[Event "23rd European Women Club Cup 2018"]
[Site "Halkidiki"]
[Date "2018.10.12"]
[Round "1"]
[White "Brunello, Marina"]
[Black "Balaian, Alina"]
[Result "1-0"]
[ECO "C02"]
[WhiteElo "2294"]
[BlackElo "2238"]
[Annotator "NA"]
[PlyCount "71"]
[EventDate "2018.10.12"]
[EventType "team-tourn"]
[EventCountry "GRE"]
[SourceTitle "playchess.com"]
[Source "ChessBase"]
[SourceQuality "1"]
[WhiteTeam "Pentole Agnelli"]
[BlackTeam "SSHOR"]
[TimeControl "40/5400+30:1800+30"]

1. e4 e6 2. d4 d5 3. e5 c5 4. c3 Qb6 5. Nf3 Nc6 6. Be2 cxd4 7. cxd4 Nh6 8. Bd3 Bd7 9. Bc2 Nb4 10. Bxh6 gxh6 11. O-O Be7 12. Nc3 Nxc2 13. Qxc2 O-O 14. Rfd1 Kh8 15. Qd2 Rg8 16. Ne2 Rg7 17. Ng3 Rag8 18. Qxh6 Qxb2 19. Rab1 Qxa2 20. Rxb7 Qa4 21. Rdb1 a6 22. h4 Bd8 23. Rb8 Qc2 24. R1b7 Bc8 25. Rb1 Bd7 26. Ra1 Qc7 27. Ra8 Bb5 28. Rc1 Qd7 29. Rcc8 Rg6 30. Qc1 Bc4 31. Qf4 Bd3 32. h5 R6g7 33. h6 Rg6 34. Nh4 Bxh4 35. Rxg8+ Rxg8 36. Qxh4 1-0

[Event "23rd European Women Club Cup 2018"]
[Site "Halkidiki"]
[Date "2018.10.12"]
[Round "1"]
[White "Richard, Emma"]
[Black "Osmak, Iulija"]
[Result "0-1"]
[ECO "C07"]
[WhiteElo "2127"]
[BlackElo "2405"]
[Annotator "NA"]
[PlyCount "64"]
[EventDate "2018.10.12"]
[EventType "team-tourn"]
[EventCountry "GRE"]
[SourceTitle "playchess.com"]
[Source "ChessBase"]
[SourceQuality "1"]
[WhiteTeam "Mulhouse"]
[BlackTeam "Kyiv"]
[TimeControl "40/5400+30:1800+30"]

1. e4 e6 2. d4 d5 3. Nd2 c5 4. exd5 Qxd5 5. Ngf3 cxd4 6. Bc4 Qd6 7. O-O Nc6 8. Nb3 a6 9. a4 Nf6 10. Nbxd4 Nxd4 11. Nxd4 Qc7 12. Qe2 Bd6 13. h3 O-O 14. Rd1 h6 15. Bd3 Bd7 16. Qf3 Bh2+ 17. Kh1 Be5 18. Be3 Nd5 19. Be4 Nxe3 20. fxe3 Rab8 21. Ra3 f5 22. Bd3 b5 23. Rc3 Qb7 24. Qxb7 Rxb7 25. axb5 axb5 26. Rc5 Bd6 27. Nxe6 Bxe6 28. Rc6 Rd7 29. Bxb5 Bg3 30. Rf1 Rd6 31. b4 Rb8 32. c3 Rxb5 0-1

[Event "23rd European Women Club Cup 2018"]
[Site "Halkidiki"]
[Date "2018.10.12"]
[Round "1"]
[White "Vidic, Teja"]
[Black "Balajayeva, Khanim"]
[Result "1/2-1/2"]
[ECO "C45"]
[WhiteElo "2116"]
[BlackElo "2326"]
[Annotator "NA"]
[PlyCount "60"]
[EventDate "2018.10.12"]
[EventType "team-tourn"]
[EventCountry "GRE"]
[SourceTitle "playchess.com"]
[Source "ChessBase"]
[SourceQuality "1"]
[WhiteTeam "Maribor"]
[BlackTeam "Odlar Yurdu"]
[TimeControl "40/5400+30:1800+30"]

1. e4 e5 2. Nf3 Nc6 3. d4 exd4 4. Nxd4 Nf6 5. Nxc6 bxc6 6. e5 Qe7 7. Qe2 Nd5 8. c4 Nb6 9. Nc3 Qe6 10. Qe4 g6 11. f4 Bg7 12. c5 Nd5 13. Bc4 Nxc3 14. bxc3 Qe7 15. Be3 O-O 16. O-O Bb7 17. Rad1 Rad8 18. Qf3 Kh8 19. Bd4 d6 20. exd6 Bxd4+ 21. cxd4 cxd6 22. Qf2 Bc8 23. Rfe1 Qf6 24. Bb3 Bg4 25. Rd2 Rfe8 26. h3 Rxe1+ 27. Qxe1 Bf5 28. Qe3 Kg7 29. Re2 dxc5 30. dxc5 Rd3 1/2-1/2

[Event "23rd European Women Club Cup 2018"]
[Site "Halkidiki"]
[Date "2018.10.12"]
[Round "1"]
[White "Mihevc-Mohr, Narcisa"]
[Black "Fataliyeva, Ulviyya"]
[Result "0-1"]
[ECO "C03"]
[WhiteElo "1983"]
[BlackElo "2320"]
[Annotator "NA"]
[PlyCount "62"]
[EventDate "2018.10.12"]
[EventType "team-tourn"]
[EventCountry "GRE"]
[SourceTitle "playchess.com"]
[Source "ChessBase"]
[SourceQuality "1"]
[WhiteTeam "Maribor"]
[BlackTeam "Odlar Yurdu"]
[TimeControl "40/5400+30:1800+30"]

1. e4 e6 2. d4 d5 3. Nd2 a6 4. Ngf3 c5 5. exd5 exd5 6. Be2 Nf6 7. O-O Bd6 8. dxc5 Bxc5 9. Nb3 Bb6 10. Bd3 O-O 11. Bf4 Nc6 12. c3 Ne4 13. Nfd4 Qf6 14. Nxc6 Nxf2 15. Bxh7+ Kh8 16. Qc2 bxc6 17. Nd4 Ng4 18. h3 c5 19. Ne2 c4+ 20. Kh1 Nf2+ 21. Kh2 g6 22. Nd4 Qxf4+ 23. g3 Qh6 24. Qxf2 Qxh3+ 25. Kg1 Kxh7 26. Rae1 Bf5 27. Re2 Bd3 28. Qh2 Qxh2+ 29. Rxh2+ Kg7 30. Rf4 Rae8 31. Rhf2 Re1+ {[%emt 0:00:09] Nc2} 0-1

[Event "23rd European Women Club Cup 2018"]
[Site "Halkidiki"]
[Date "2018.10.13"]
[Round "2"]
[White "Javakhishvili, Lela"]
[Black "Petraki, Evaggelia"]
[Result "1-0"]
[ECO "A04"]
[WhiteElo "2475"]
[BlackElo "1769"]
[Annotator "ChessBase"]
[PlyCount "77"]
[EventDate "2018.10.12"]
[EventType "team-tourn"]
[EventCountry "GRE"]
[SourceTitle "playchess.com"]
[Source "ChessBase"]
[SourceQuality "1"]
[WhiteTeam "Nona"]
[BlackTeam "Thessaloniki"]
[TimeControl "40/5400+30:1800+30"]

1. Nf3 c5 2. g3 g6 3. Bg2 Bg7 4. O-O Nc6 5. c4 Nf6 6. d4 cxd4 7. Nxd4 O-O 8. Nc3 Qb6 9. Nb3 d6 10. Be3 Qd8 11. Rc1 Be6 12. c5 d5 13. Rc2 Ne5 14. Bd4 Qc7 15. Nb5 Qb8 16. Bc3 Bd7 17. N5d4 e6 18. Nd2 Qc7 19. b3 Rfc8 20. Bb2 Bc6 21. Qa1 Ned7 22. a4 Qd8 23. b4 a6 24. e4 e5 25. Nxc6 bxc6 26. exd5 Nxd5 27. Qa3 Nf8 28. Nc4 Rab8 29. Rd1 Qc7 30. Bxd5 cxd5 31. Rxd5 Rd8 32. Nd6 Qc6 33. Rdd2 Bh6 34. Rd3 Rxd6 35. Rxd6 Qe4 36. Qc3 Ne6 37. Qxe5 Qxe5 38. Bxe5 Rxb4 39. Rxe6 1-0

[Event "23rd European Women Club Cup 2018"]
[Site "Halkidiki"]
[Date "2018.10.13"]
[Round "2"]
[White "Tsolakidou, Stavroula"]
[Black "Mar, Karmen"]
[Result "1-0"]
[ECO "B52"]
[WhiteElo "2393"]
[BlackElo "2107"]
[Annotator "NA"]
[PlyCount "61"]
[EventDate "2018.10.12"]
[EventType "team-tourn"]
[EventCountry "GRE"]
[SourceTitle "playchess.com"]
[Source "ChessBase"]
[SourceQuality "1"]
[WhiteTeam "Pentole Agnelli"]
[BlackTeam "Maribor"]
[TimeControl "40/5400+30:1800+30"]

1. e4 c5 2. Nf3 d6 3. Bb5+ Bd7 4. Bxd7+ Qxd7 5. O-O Nc6 6. c3 Nf6 7. d4 Nxe4 8. d5 Ne5 9. Re1 Nf6 10. Nxe5 dxe5 11. c4 e6 12. Nc3 O-O-O 13. Bg5 h6 {[%emt 0:08:13] LiveBook: 7 Partien} 14. Bh4 Be7 15. Qf3 e4 16. Nxe4 Nxe4 17. Bxe7 $16 ({But not} 17. Qxe4 $6 Bxh4 18. Qxh4 exd5 $11) 17... Qxe7 18. Rxe4 Rd6 19. Rae1 Re8 20. Re5 Ra6 21. a3 Rb6 22. b4 cxb4 23. c5 Qxc5 24. dxe6 Qf8 25. exf7 Rxe5 26. Rxe5 bxa3 27. Re8+ Kc7 28. g3 a2 29. Qc3+ Rc6 30. Qa5+ Kd7 31. Qd8# 1-0

[Event "23rd European Women Club Cup 2018"]
[Site "Halkidiki"]
[Date "2018.10.13"]
[Round "2"]
[White "Balaian, Alina"]
[Black "Guerini, Silvia jr"]
[Result "1-0"]
[ECO "B81"]
[WhiteElo "2238"]
[BlackElo "1977"]
[Annotator "NA"]
[PlyCount "57"]
[EventDate "2018.10.12"]
[EventType "team-tourn"]
[EventCountry "GRE"]
[SourceTitle "playchess.com"]
[Source "ChessBase"]
[SourceQuality "1"]
[WhiteTeam "SSHOR"]
[BlackTeam "Banca Alpi Marittime"]
[TimeControl "40/5400+30:1800+30"]

1. e4 c5 2. Nf3 e6 3. d4 cxd4 4. Nxd4 Nf6 5. Nc3 d6 6. g4 h6 7. Be3 Nc6 8. h3 a6 9. Bg2 Qc7 10. Qe2 Be7 11. f4 Na5 12. Rd1 Nc4 13. Bc1 Bd7 $14 (13... g5 $5 ) 14. O-O Nh7 15. b3 Na5 16. Bb2 Nc6 17. Qe3 Nf6 18. Nce2 Rg8 19. c4 Nxd4 20. Nxd4 Bc6 21. g5 Nd7 22. g6 Nf8 23. gxf7+ Kxf7 24. Nxc6 bxc6 25. e5 d5 26. f5 Rd8 27. fxe6+ Kxe6 28. Qd4 Bg5 29. cxd5+ {[%emt 0:00:42] Kxd5} 1-0

[Event "23rd European Women Club Cup 2018"]
[Site "Halkidiki"]
[Date "2018.10.13"]
[Round "2"]
[White "Haussernot, Cecile"]
[Black "Klinova, Masha"]
[Result "1-0"]
[ECO "B13"]
[WhiteElo "2204"]
[BlackElo "2288"]
[Annotator "NA"]
[PlyCount "65"]
[EventDate "2018.10.12"]
[EventType "team-tourn"]
[EventCountry "GRE"]
[SourceTitle "playchess.com"]
[Source "ChessBase"]
[SourceQuality "1"]
[WhiteTeam "Mulhouse"]
[BlackTeam "Beer Sheva"]
[TimeControl "40/5400+30:1800+30"]

1. e4 c6 2. d4 d5 3. exd5 cxd5 4. Bd3 Nc6 5. c3 Nf6 6. Nf3 Bg4 7. O-O Bxf3 8. Qxf3 e6 9. Qg3 $14 Bd6 10. f4 O-O 11. Nd2 Ne7 12. Nf3 Ng6 13. Ne5 Qc7 14. h4 Rfe8 15. Qh3 Ne4 16. h5 Nf8 17. h6 g6 18. Be3 f6 19. Ng4 Nd7 20. Rac1 f5 21. Ne5 Nxe5 22. fxe5 Bf8 23. c4 Qd7 24. g4 Rac8 25. b3 dxc4 26. bxc4 Kh8 27. gxf5 gxf5 28. Bxe4 fxe4 29. Kh1 Ba3 30. Bg5 Be7 31. Rf7 Qxd4 32. Qxe6 Bxg5 33. Qf5 1-0

[Event "23rd European Women Club Cup 2018"]
[Site "Halkidiki"]
[Date "2018.10.13"]
[Round "2"]
[White "Vidic, Teja"]
[Black "Zimina, Olga"]
[Result "0-1"]
[ECO "B14"]
[WhiteElo "2116"]
[BlackElo "2431"]
[Annotator "NA"]
[PlyCount "66"]
[EventDate "2018.10.12"]
[EventType "team-tourn"]
[EventCountry "GRE"]
[SourceTitle "playchess.com"]
[Source "ChessBase"]
[SourceQuality "1"]
[WhiteTeam "Maribor"]
[BlackTeam "Pentole Agnelli"]
[TimeControl "40/5400+30:1800+30"]

1. e4 c6 2. d4 d5 3. exd5 cxd5 4. c4 Nf6 5. Nc3 g6 6. Qb3 Bg7 7. cxd5 O-O 8. Be2 b6 9. Bf3 Bb7 10. Nge2 Qd7 11. O-O Na6 12. a4 Nc7 13. Nf4 Rab8 14. Re1 Rfd8 15. a5 bxa5 16. Qa3 Bf8 17. Qxa5 Ncxd5 18. Nd3 $11 ({Of course not} 18. Qxa7 Nxc3 19. bxc3 Ra8 $17) 18... Qf5 19. Nc5 Bc6 20. Re5 Qc8 21. Na6 Rb6 22. Nxd5 Bxd5 23. Bxd5 Rxd5 24. Nc5 Rxd4 25. Be3 Rd8 26. Rc1 Ng4 27. Re4 Nxe3 28. fxe3 Rxb2 29. Qa1 Rdd2 30. Ne6 Rxg2+ 31. Kh1 Rxh2+ 32. Kg1 Rbg2+ 33. Kf1 Rc2 0-1

[Event "23rd European Women Club Cup 2018"]
[Site "Halkidiki"]
[Date "2018.10.13"]
[Round "2"]
[White "Neuhauser, Salome"]
[Black "Buzukashvili, Sofia"]
[Result "1-0"]
[ECO "B84"]
[WhiteElo "2115"]
[BlackElo "1936"]
[Annotator "NA"]
[PlyCount "90"]
[EventDate "2018.10.12"]
[EventType "team-tourn"]
[EventCountry "GRE"]
[SourceTitle "playchess.com"]
[Source "ChessBase"]
[SourceQuality "1"]
[WhiteTeam "Mulhouse"]
[BlackTeam "Beer Sheva"]
[TimeControl "40/5400+30:1800+30"]

1. e4 c5 2. Nf3 d6 3. d4 cxd4 4. Nxd4 Nf6 5. Nc3 a6 6. Be2 e6 7. Be3 Qc7 8. g4 b5 (8... d5 $11 {remains equal.}) 9. g5 Nfd7 10. a3 $14 {[%emt 0:00:19] LiveBook: 23 Games} Nc5 11. f4 Bb7 12. Bf3 Nc6 13. Nxc6 Qxc6 14. Qe2 O-O-O 15. O-O-O Kb8 16. Rhf1 Be7 17. f5 e5 18. Nd5 Rhe8 19. f6 gxf6 20. gxf6 Bf8 21. Kb1 a5 22. Qg2 Ba6 23. Be2 Rc8 24. Bg4 Ne6 25. Rf2 Qb7 26. Qh3 Rc4 27. Qxh7 Nc5 28. Bxc5 Rxc5 29. Bh5 Rec8 30. Qxf7 Qc6 31. c3 b4 32. axb4 axb4 33. Be2 Bxe2 34. Rxe2 Qa4 35. Rd3 b3 36. Qh5 Ra5 37. Kc1 Qa1+ 38. Kd2 Qxb2+ 39. Ke1 Ra1+ 40. Kf2 Qc1 41. Qg4 b2 42. Ne7 Bxe7 43. fxe7 Qf1+ 44. Kg3 Qf4+ 45. Qxf4 exf4+ 1-0

[Event "23rd European Women Club Cup 2018"]
[Site "Halkidiki"]
[Date "2018.10.13"]
[Round "2"]
[White "Andolfatto, Maria"]
[Black "Semenova, Elena"]
[Result "0-1"]
[ECO "D02"]
[WhiteElo "2068"]
[BlackElo "2263"]
[Annotator "ChessBase"]
[PlyCount "118"]
[EventDate "2018.10.12"]
[EventType "team-tourn"]
[EventCountry "GRE"]
[SourceTitle "playchess.com"]
[Source "ChessBase"]
[SourceQuality "1"]
[WhiteTeam "Banca Alpi Marittime"]
[BlackTeam "SSHOR"]
[TimeControl "40/5400+30:1800+30"]

1. Nf3 d5 2. d4 Nf6 3. g3 e6 4. Bg2 b5 5. O-O Nbd7 6. a4 b4 7. a5 Rb8 8. Nbd2 Be7 9. c4 bxc3 10. bxc3 c5 11. c4 O-O 12. Ba3 Ba6 13. Qc2 cxd4 14. Nxd4 Rc8 15. Qa4 Bxa3 16. Rxa3 Nc5 17. Qd1 dxc4 18. Nc6 Rxc6 19. Bxc6 Qd6 20. Nxc4 Qxc6 21. Qd4 Ncd7 22. Ne5 Nxe5 23. Qxe5 Bb7 24. f3 Nd5 25. Raa1 Qc3 26. Qxc3 Nxc3 27. a6 Bc6 28. Kf2 Bb5 29. Rfe1 Rd8 30. Rac1 Nd5 31. Red1 Ra8 32. e4 Nb6 33. Rc7 Kf8 34. Ra1 Ke8 35. Ra5 Bd7 36. Rac5 Bc8 37. Ra5 Nd7 38. Ke3 Kd8 39. Rc3 Rb8 40. h4 Rb6 41. Kd4 Rd6+ 42. Ke3 Nb8 43. Rb3 Kc7 44. Rc5+ Rc6 45. Rcb5 Nxa6 46. Kd4 Rd6+ 47. Ke3 Rb6 48. Rc3+ Rc6 49. Ra3 Rb6 50. Rba5 Kc6 51. Rc3+ Kb7 52. Rca3 Kb8 53. R3a4 Bb7 54. Rd4 Kc7 55. Rda4 Rb3+ 56. Kf4 Kb6 57. Ra1 f6 58. Rh5 e5+ 59. Kg4 Bc8+ 0-1

[Event "23rd European Women Club Cup 2018"]
[Site "Halkidiki"]
[Date "2018.10.13"]
[Round "2"]
[White "Kumanska, Olena"]
[Black "Richard, Emma"]
[Result "0-1"]
[ECO "A46"]
[WhiteElo "2054"]
[BlackElo "2127"]
[Annotator "NA"]
[PlyCount "70"]
[EventDate "2018.10.12"]
[EventType "team-tourn"]
[EventCountry "GRE"]
[SourceTitle "playchess.com"]
[Source "ChessBase"]
[SourceQuality "1"]
[WhiteTeam "Beer Sheva"]
[BlackTeam "Mulhouse"]
[TimeControl "40/5400+30:1800+30"]

1. d4 Nf6 2. Nf3 e6 3. Bf4 c5 4. e3 Nc6 5. c3 cxd4 6. exd4 Be7 7. Bd3 d6 8. O-O O-O 9. Qe2 Re8 10. Bg3 Nh5 11. Nfd2 $15 (11. Na3 $11) 11... g6 12. b4 a6 13. a4 f5 14. f4 Bf6 15. Qf2 Nxg3 16. hxg3 e5 17. d5 e4 18. dxc6 exd3 19. Nc4 bxc6 20. Qf3 d5 21. Na5 Qb6+ 22. Kh2 Re3 23. Qf2 Bd7 24. Ra2 Rae8 25. Rd2 c5 26. Nb3 cxb4 27. Rxd3 bxc3 28. a5 Qxb3 29. Rxe3 d4 30. Rxe8+ Bxe8 31. Qf3 Qe6 32. Na3 Bc6 33. Qd1 Qd5 34. Rf2 d3 35. Qb1 d2 0-1

[Event "23rd European Women Club Cup 2018"]
[Site "Halkidiki"]
[Date "2018.10.13"]
[Round "2"]
[White "Santeramo, Alessia"]
[Black "Belenkaya, Dina"]
[Result "0-1"]
[ECO "B19"]
[WhiteElo "2054"]
[BlackElo "2329"]
[Annotator "NA"]
[PlyCount "112"]
[EventDate "2018.10.12"]
[EventType "team-tourn"]
[EventCountry "GRE"]
[SourceTitle "playchess.com"]
[Source "ChessBase"]
[SourceQuality "1"]
[WhiteTeam "Banca Alpi Marittime"]
[BlackTeam "SSHOR"]
[TimeControl "40/5400+30:1800+30"]

1. e4 c6 2. d4 d5 3. Nc3 dxe4 4. Nxe4 Bf5 {[%emt 0:00:01] LiveBook: 13049 Games} 5. Ng3 Bg6 6. h4 h6 7. Nf3 Nd7 8. h5 Bh7 9. Bd3 Bxd3 10. Qxd3 e6 11. Bd2 Ngf6 12. O-O-O Be7 13. Ne4 Nxe4 14. Qxe4 Nf6 {[%emt 0:00:04] B19: Classical Caro-Kann: 4...Bf5 main line} 15. Qd3 c5 16. Qb5+ Qd7 17. Qxd7+ Nxd7 18. Be3 {[%emt 0:00:20] [#]} c4 $146 ({Predecessor:} 18... cxd4 19. Bxd4 Bf6 20. Rhe1 Ke7 21. Ne5 Bxe5 22. Bxe5 Nxe5 23. Rxe5 {1-0 (49) Chigaev,M (2551)-Dreev,A (2660) Sochi 2016}) 19. d5 e5 20. d6 Bd8 21. Rd5 f6 22. Nh4 Kf7 23. Rhd1 Bb6 24. Nf5 Rhd8 25. Bxb6 axb6 26. Kb1 Rac8 27. c3 Rc5 28. Rxc5 Nxc5 29. d7 Nd3 30. Nd6+ Ke7 31. Nxc4 Nxf2 32. Rd5 Rxd7 33. Nxb6 Rxd5 34. Nxd5+ Ke6 35. c4 Ne4 36. Kc2 Ng3 37. a4 Nxh5 38. a5 Kd6 39. b4 Ng3 40. Kd3 f5 41. b5 Ne4 42. Nb4 Nc5+ 43. Kc3 f4 44. a6 bxa6 45. bxa6 Kc7 46. Nd5+ Kc6 47. Ne7+ Kb6 48. a7 Kb7 49. Nc6 e4 50. Kd4 e3 51. Ne5 Na4 52. Kd3 Kxa7 53. Ng6 Nc5+ 54. Ke2 Ne6 55. g3 Nd4+ 56. Kd3 e2 0-1

[Event "23rd European Women Club Cup 2018"]
[Site "Halkidiki"]
[Date "2018.10.13"]
[Round "2"]
[White "Mihevc-Mohr, Narcisa"]
[Black "Brunello, Marina"]
[Result "0-1"]
[ECO "B91"]
[WhiteElo "1983"]
[BlackElo "2294"]
[Annotator "NA"]
[PlyCount "66"]
[EventDate "2018.10.12"]
[EventType "team-tourn"]
[EventCountry "GRE"]
[SourceTitle "playchess.com"]
[Source "ChessBase"]
[SourceQuality "1"]
[WhiteTeam "Maribor"]
[BlackTeam "Pentole Agnelli"]
[TimeControl "40/5400+30:1800+30"]

1. e4 c5 2. Nf3 d6 3. d4 cxd4 4. Nxd4 Nf6 5. Nc3 a6 6. g3 e5 7. Nb3 Be7 8. a4 Nc6 9. Bg2 O-O 10. O-O Bg4 11. f3 Be6 12. Bg5 Nxe4 13. Nxe4 Bxg5 14. Qxd6 Qb6+ 15. Kh1 Be7 16. Qd3 Nb4 17. a5 Qc7 18. Qc3 Qxc3 19. bxc3 Nxc2 20. Rab1 Rac8 21. Rfc1 Ne3 22. Nbd2 Bd5 23. Nf1 Nxg2 24. Kxg2 f5 25. Ned2 Bc5 26. Re1 Rce8 27. Ne3 Bc6 28. Nb3 Ba7 29. Nd2 Rd8 30. Ndc4 Rd3 31. Rbc1 f4 32. Red1 Rxe3 33. Nxe3 fxe3 0-1

[Event "23rd European Women Club Cup 2018"]
[Site "Halkidiki"]
[Date "2018.10.14"]
[Round "3"]
[White "Muzychuk, Mariya"]
[Black "Shvayger, Yuliya"]
[Result "1/2-1/2"]
[ECO "B24"]
[WhiteElo "2533"]
[BlackElo "2375"]
[Annotator "ChessBase"]
[PlyCount "93"]
[EventDate "2018.10.12"]
[EventType "team-tourn"]
[EventCountry "GRE"]
[SourceTitle "playchess.com"]
[Source "ChessBase"]
[SourceQuality "1"]
[WhiteTeam "Kyiv"]
[BlackTeam "Beer Sheva"]
[TimeControl "40/5400+30:1800+30"]

1. e4 c5 2. Nc3 Nc6 3. Bb5 Nd4 4. Nf3 e6 5. O-O Ne7 6. Nxd4 cxd4 7. Ne2 a6 8. Bd3 Nc6 9. c3 Bc5 10. b4 Ba7 11. cxd4 Nxd4 12. Bb2 Nxe2+ 13. Qxe2 O-O 14. Qh5 d6 15. Kh1 f6 16. f4 Qe8 17. Qh4 e5 18. f5 b5 19. Bc2 Bb7 20. Bb3+ d5 21. Rf3 Rd8 22. Rd3 Rf7 23. exd5 Rd6 24. Rh3 h6 25. d4 exd4 26. Bc1 Re7 27. Bf4 Rxd5 28. Rf1 Re4 29. Rg3 Kh7 30. Bxd5 Bxd5 31. Qg4 Qf7 32. Rc1 Bc4 33. h4 Qe7 34. Kh2 Kh8 35. Qf3 Bb6 36. Kh3 Kh7 37. Qg4 Kh8 38. Bd6 Qb7 39. Qg6 Re3 40. Rxe3 dxe3 41. Qe8+ Kh7 42. Bc5 e2 43. Rc3 Bc7 44. Qg6+ Kh8 45. Qe8+ Kh7 46. Qg6+ Kh8 47. Qe8+ 1/2-1/2

[Event "23rd European Women Club Cup 2018"]
[Site "Halkidiki"]
[Date "2018.10.14"]
[Round "3"]
[White "Dzagnidze, Nana"]
[Black "Ushenina, Anna"]
[Result "1/2-1/2"]
[ECO "A28"]
[WhiteElo "2509"]
[BlackElo "2451"]
[Annotator "ChessBase"]
[PlyCount "52"]
[EventDate "2018.10.12"]
[EventType "team-tourn"]
[EventCountry "GRE"]
[SourceTitle "playchess.com"]
[Source "ChessBase"]
[SourceQuality "1"]
[WhiteTeam "Nona"]
[BlackTeam "Ugra"]
[TimeControl "40/5400+30:1800+30"]

1. c4 e5 2. Nc3 Nf6 3. Nf3 Nc6 4. a3 g6 5. d3 Bg7 6. g3 d5 7. Bg5 dxc4 8. dxc4 Be6 9. Nd2 h6 10. Bxf6 Bxf6 11. Bg2 Bg7 12. O-O O-O 13. e3 f5 14. Bd5 Bf7 15. Qb3 Rb8 16. Rad1 Qe7 17. Bxf7+ Qxf7 18. f3 f4 19. Nce4 fxe3 20. Qxe3 Nd4 21. Rc1 Rfd8 22. b4 Nf5 23. Qe2 Nd4 24. Qe3 Nf5 25. Qe2 Nd4 26. Qe3 Nf5 1/2-1/2

[Event "23rd European Women Club Cup 2018"]
[Site "Halkidiki"]
[Date "2018.10.14"]
[Round "3"]
[White "Pogonina, Natalija"]
[Black "Batsiashvili, Nino"]
[Result "1/2-1/2"]
[ECO "E04"]
[WhiteElo "2485"]
[BlackElo "2482"]
[Annotator "ChessBase"]
[PlyCount "67"]
[EventDate "2018.10.12"]
[EventType "team-tourn"]
[EventCountry "GRE"]
[SourceTitle "playchess.com"]
[Source "ChessBase"]
[SourceQuality "1"]
[WhiteTeam "Ugra"]
[BlackTeam "Nona"]
[TimeControl "40/5400+30:1800+30"]

1. d4 d5 2. Nf3 Nf6 3. c4 e6 4. g3 dxc4 5. Bg2 a6 6. O-O Nc6 7. e3 Rb8 8. Qe2 b5 9. b3 cxb3 10. axb3 Bd6 11. Bb2 Qe7 12. Ne5 Nb4 13. Nc6 Nxc6 14. Bxc6+ Nd7 15. f4 O-O 16. Nd2 Rb6 17. Rfc1 Bb4 18. Bg2 c5 19. Ne4 f5 20. Nf2 cxd4 21. Bxd4 Bc5 22. Bxc5 Nxc5 23. Qc2 Nd7 24. Rd1 Nf6 25. Qc3 Nd5 26. Bxd5 exd5 27. Qd4 Re6 28. Re1 Re8 29. Rac1 Bb7 30. Nd3 Re4 31. Qb6 Re6 32. Qd4 Re4 33. Qb6 Re6 34. Qd4 1/2-1/2